 Dungeon Crawl Stone Soup version 0.31-a0-702-gf82c85558f (webtiles) character file.

Game seed: 2946881831722571365

1544 qw the Skirmisher (level 8, -3/52 HPs)
             Began as a Gargoyle Hunter on Sept 8, 2023.
             Was an Initiate of Okawaru.
             Slain by an iguana (7 damage)
             ... on level 6 of the Dungeon.
             The game lasted 00:02:00 (4364 turns).

qw the Skirmisher (Gargoyle Hunter)                 Turns: 4364, Time: 00:02:00

Health: -3/52      AC: 15    Str: 14    XL:     8   Next: 87%
Magic:  8/8        EV: 11    Int: 11    God:    Okawaru [......]
Gold:   77         SH:  0    Dex: 15    Spells: 7/7 levels left

rFire   + + .        c - +0 longbow
rCold   + . .        (shield currently unavailable)
rNeg    + . .        l - +3 ring mail of Boredom {rF+ rC+}
rPois   inf          (no helmet)
rElec   +            a - +0 cloak
rCorr   .            (no gloves)
SInv    +            (no boots)
Will    .....        (no amulet)
Stlth   +            i - ring of protection from fire
HPRegen 0.28/turn    m - ring of see invisible
MPRegen 0.11/turn

%: no passive effects
@: about to teleport
A: sickness immunity, AC +5, negative energy resistance 1, electricity
resistance, torment resistance 1, petrification resistance
a: Renounce Religion


You were on level 6 of the Dungeon.
You worshipped Okawaru.
Okawaru was noncommittal.
You visited 2 branches of the dungeon, and saw 7 of its levels.

You collected 231 gold pieces.
You spent 154 gold pieces at shops.


Innate Abilities, Weirdness & Mutations

You are immune to sickness and miasma.
Your stone body is resilient. (AC +5)
You are immune to poison.
You resist negative energy. (rN+)
You are resistant to electric shocks. (rElec)
You are resistant to unholy torment.
You are immune to petrification.


   Skills:
 - Level 6.5 Fighting
 + Level 9.7 Ranged Weapons
 - Level 2.1 Armour
 - Level 2.0 Dodging
 - Level 1.1 Stealth


You had 7 spell levels left.
You didn't know any spells.
Your spell library was empty.

Inventory:

Hand Weapons
 c - a +0 longbow (weapon)
Armour
 a - a +0 cloak (worn)
 l - the +3 ring mail of Boredom (worn) {rF+ rC+}
   (You found it on level 5 of the Dungeon)

   rF+:       It protects you from fire.
   rC+:       It protects you from cold.
Jewellery
 i - a ring of protection from fire (left hand)
 m - a ring of see invisible (right hand)
Scrolls
 f - 2 scrolls of teleportation
 k - a scroll of identify
Potions
 b - a potion of haste
 d - a potion of berserk rage {unknown}
 e - 3 potions of enlightenment
 g - a potion of might
 j - a potion of magic {unknown}

Dungeon Overview and Level Annotations

Branches:
Dungeon (6/15)             Temple (1/1) D:4

Altars:
Ashenzari
Cheibriados
Dithmenos
Elyvilon
Fedhas
Gozag
Hepliaklqana
Kikubaaqudgha
Makhleb
Okawaru
Qazlal
Sif Muna
Uskayaw
Vehumet
Wu Jian
Xom
Yredelemnul
Zin

Shops:
D:2 *([((   D:5 =   D:6 (

Annotations:
D:3 Ijyb


Message History

The steam dragon claws you but does no damage.
You shoot an arrow.
The arrow completely misses the steam dragon.
The iguana bites you but does no damage.
The steam dragon closely misses you.
The steam dragon claws you but does no damage.
The steam dragon bites you. The steam dragon barely misses you.
The iguana closely misses you.
You shoot an arrow.
The arrow hits the steam dragon but does no damage.
The iguana closely misses you.
The steam dragon bites you but does no damage.
The steam dragon claws you but does no damage.
You shoot an arrow.
The arrow closely misses the steam dragon.
The iguana bites you but does no damage.
The steam dragon bites you but does no damage.
The steam dragon misses you.
You shoot an arrow.
The arrow barely misses the steam dragon.
The iguana bites you.
The steam dragon bites you but does no damage.
The steam dragon claws you but does no damage.
The steam dragon bites you but does no damage.
The steam dragon claws you but does no damage.
The iguana barely misses you.
You shoot an arrow. The arrow hits the steam dragon!
The steam dragon is heavily wounded.
The iguana bites you!
The steam dragon bites you but does no damage.
The steam dragon claws you.
4363 ||| READING 3 scrolls of teleportation.
As you read the scroll of teleportation, it crumbles to dust.
You feel strangely unstable. The iguana bites you! The steam dragon misses you.
The steam dragon claws you but does no damage.
You shoot an arrow. The arrow hits the steam dragon.
The steam dragon is heavily wounded.
The iguana bites you!
You die...

## . ##### # #. #....
.#..#.######### #....
......D........ +....
#@####### #....
#)l.....######....
#....................
....########............
.. ##...........
#...........
#....####..# ####.# ##..
#.# ##.


You could see a steam dragon and an iguana.

Vanquished Creatures
  Grinder (D:5)
  Sigmund (D:4)
  Edmund (D:5)
  A black bear (D:5)
  An ogre (D:4)
  A bullfrog (D:4)
  2 scorpions
  4 crimson imps (D:4)
  2 hounds (D:5)
  3 jellies
  3 iguanas (D:5)
  A sleepcap (D:6)
  Natasha (thrice) (D:3)
  7 gnolls (D:5)
  8 adders
  A white imp (D:3)
  An ufetubus (D:6)
  3 worms
  4 dart slugs
  7 orcs
  7 ball pythons
  7 bats
  5 bat zombies (D:6)
  11 endoplasms
  6 giant cockroaches
  4 goblins
  4 hobgoblins
  2 jackals (D:4)
  3 kobolds (D:1)
  2 quokkas
  2 frilled lizards
  4 rats
  2 rat zombies (D:6)
114 creatures vanquished.

Vanquished Creatures (others)
  An orc wizard (D:6)
1 creature vanquished.

Grand Total: 115 creatures vanquished

Notes
Turn   | Place    | Note
-------+----------+-------------------------------------------
     0 | D:1      | qw the Gargoyle Hunter began the quest for the Orb.
     0 | D:1      | Reached XP level 1. HP: 12/12 MP: 1/1
     0 | D:1      | 0 ||| qw: Version: 0.3-a-76-g4403597
     0 | D:1      | 0 ||| qw: Game counter: 1175
     0 | D:1      | 0 ||| qw: Melee chars always use a shield: true
     0 | D:1      | 0 ||| qw: God list: Okawaru
     0 | D:1      | 0 ||| qw: Allow faded altars: false
     0 | D:1      | 0 ||| qw: Do Orc after clearing Dungeon:15 true
     0 | D:1      | 0 ||| qw: Do second Lair branch before Depths: true
     0 | D:1      | 0 ||| qw: Lair rune preference: random
     0 | D:1      | 0 ||| qw: Goals: Normal
     0 | D:1      | 0 ||| PLANNING D:1-11
   147 | D:1      | Reached XP level 2. HP: 17/17 MP: 2/2
   309 | D:1      | Reached XP level 3. HP: 21/21 MP: 3/3
   411 | D:1      | Reached skill level 5 in Ranged Weapons
   749 | D:1      | 749 ||| UPGRADING to +0 ring mail.
   759 | D:1      | 759 ||| DROPPING +0 leather armour.
   760 | D:1      | 760 ||| UPGRADING to ring of protection from fire.
   761 | D:1      | 761 ||| READING scroll labelled OTAQIMUULEGHU.
   762 | D:1      | 762 ||| DROPPING scroll of butterflies.
   840 | D:2      | Found Koiss's Antique Weapon Emporium.
   846 | D:2      | 846 ||| SHOPLISTING blackened orcbow (170 gold, have 44).
   883 | D:2      | Reached skill level 1 in Armour
   933 | D:2      | Found Jolom's Weapon Emporium.
  1018 | D:2      | Found Pyomp's Antique Armour Shoppe.
  1035 | D:2      | 1035 ||| SHOPLISTING glowing helmet (187 gold, have 74).
  1035 | D:2      | 1035 ||| SHOPLISTING helmet (112 gold, have 74).
  1035 | D:2      | 1035 ||| SHOPLISTING troll leather armour (375 gold, have
                  | 74).
  1203 | D:2      | Found Vucsonit's Antique Weapon Shop.
  1339 | D:2      | Found Xufe's General Store.
  1346 | D:2      | 1346 ||| SHOPLISTING +0 troll leather armour "Cuigaeph"
                  | {Regen+ Str+2 Int+8} (602 gold, have 80).
  1346 | D:2      | 1346 ||| BUYING potion of heal wounds (70 gold).
  1346 | D:2      | Bought a potion of heal wounds for 70 gold pieces
  1428 | D:2      | 1428 ||| READING scroll labelled NUANLIZXAE.
  1429 | D:2      | 1429 ||| READING scroll labelled ZIUMAF PAFFUNK.
  1430 | D:2      | 1430 ||| READING 2 scrolls labelled VOWEOB KUCH.
  1435 | D:2      | 1435 ||| DRINKING 2 black potions.
  1460 | D:3      | Reached XP level 4. HP: 27/27 MP: 4/4
  1499 | D:3      | Reached skill level 3 in Fighting
  1549 | D:3      | Noticed Ijyb
  1556 | D:3      | HP: 6/28 [Ijyb/iceblast (12)]
  1557 | D:3      | 1557 ||| READING scroll of teleportation.
  1558 | D:3      | 1558 ||| DRINKING 2 potions of heal wounds.
  1612 | D:3      | Noticed Natasha
  1613 | D:3      | 1613 ||| Stepping ~*~*~tactically~*~*~ (outnumbered).
  1615 | D:3      | 1615 ||| Stepping ~*~*~tactically~*~*~ (outnumbered).
  1621 | D:3      | 1621 ||| Stepping ~*~*~tactically~*~*~ (retreating).
  1622 | D:3      | 1622 ||| Stepping ~*~*~tactically~*~*~ (retreating).
  1623 | D:3      | 1623 ||| Stepping ~*~*~tactically~*~*~ (retreating).
  1624 | D:3      | 1624 ||| Stepping ~*~*~tactically~*~*~ (retreating).
  1625 | D:3      | 1625 ||| Stepping ~*~*~tactically~*~*~ (retreating).
  1626 | D:3      | 1626 ||| Stepping ~*~*~tactically~*~*~ (retreating).
  1627 | D:3      | 1627 ||| Stepping ~*~*~tactically~*~*~ (retreating).
  1628 | D:3      | 1628 ||| Stepping ~*~*~tactically~*~*~ (retreating).
  1629 | D:3      | 1629 ||| Stepping ~*~*~tactically~*~*~ (retreating).
  1641 | D:3      | HP: 1/28 [Natasha (8)]
  1642 | D:3      | 1642 ||| DRINKING potion of heal wounds.
  1643 | D:3      | Killed Natasha
  1676 | D:3      | Noticed Natasha
  1683 | D:3      | Killed Natasha
  1705 | D:3      | Reached XP level 5. HP: 32/32 MP: 5/5
  1803 | D:3      | Reached skill level 6 in Ranged Weapons
  1929 | D:3      | Noticed Natasha
  1937 | D:3      | Killed Natasha
  2267 | D:3      | 2267 ||| READING scroll labelled CYZOYJ CANUDU.
  2268 | D:3      | 2268 ||| READING scroll labelled MIULAE CYQUORA.
  2269 | D:3      | 2269 ||| READING scroll labelled PIEFIAJ TUNEA.
  2270 | D:3      | 2270 ||| DRINKING 2 pink potions.
  2410 | D:4      | Reached XP level 6. HP: 15/39 MP: 6/6
  2543 | D:4      | Noticed Sigmund
  2559 | D:4      | Killed Sigmund
  2630 | D:4      | You fall into a shaft and drop 2 floors!
  2657 | D:6      | 2657 ||| READING scroll labelled JIHEAFURAOXYOSS.
  2665 | D:5      | Entered Level 5 of the Dungeon
  2712 | D:5      | 2712 ||| Stepping ~*~*~tactically~*~*~ (outnumbered).
  2714 | D:5      | 2714 ||| Stepping ~*~*~tactically~*~*~ (retreating).
  2715 | D:5      | 2715 ||| Stepping ~*~*~tactically~*~*~ (retreating).
  2723 | D:5      | Reached skill level 7 in Ranged Weapons
  2723 | D:5      | Reached XP level 7. HP: 17/44 MP: 7/7
  2723 | D:5      | HP: 11/44 [gnoll/+0 heavy spear (3)]
  2724 | D:5      | 2724 ||| READING 2 scrolls of teleportation.
  2728 | D:5      | 2728 ||| FLEEEEING.
  2729 | D:5      | 2729 ||| FLEEEEING.
  2730 | D:5      | 2730 ||| STAIRDANCE
  3041 | D:4      | Found a staircase to the Ecumenical Temple.
  3042 | D:4      | 3042 ||| PLANNING TEMPLE
  3042 | D:4      | 3042 ||| READING scroll labelled USEBEDEYGI.
  3042 | D:4      | Identified a scroll of acquirement
  3042 | D:4      | 3042 ||| ACQUIRING +1 orcbow of electrocution
  3042 | D:4      | Acquired a +1 orcbow of electrocution
  3044 | D:4      | 3044 ||| SWAPPING to +1 orcbow of electrocution.
  3045 | D:4      | 3045 ||| DROPPING +0 shortbow.
  3046 | D:4      | 3046 ||| READING 2 scrolls of identify.
  3046 | D:4      | 3046 ||| IDENTIFYING sedimented yellow potion
  3047 | D:4      | 3047 ||| DROPPING potion of attraction.
  3056 | Temple   | Entered the Ecumenical Temple
  3057 | Temple   | 3057 ||| PLANNING D:1-11
  3185 | D:4      | Found a shimmering altar of Xom.
  3191 | D:4      | 3191 ||| Stepping ~*~*~tactically~*~*~ (retreating).
  3205 | D:4      | Found a burning altar of Makhleb.
  3329 | D:4      | Reached skill level 8 in Ranged Weapons
  3456 | D:4      | 3456 ||| UPGRADING to +0 cloak.
  3461 | D:4      | 3461 ||| UPGRADING to +2 leather armour of cold resistance.
  3471 | D:4      | 3471 ||| DROPPING +0 ring mail.
  3472 | D:4      | 3472 ||| UPGRADING to ring of see invisible.
  3473 | D:4      | 3473 ||| READING scroll labelled XIRRAR WEKI.
  3503 | D:5      | Found a snail-covered altar of Cheibriados.
  3595 | D:5      | Reached XP level 8. HP: 49/49 MP: 8/8
  3646 | D:5      | Identified the +3 ring mail of Boredom {rF+ rC+}
  3661 | D:5      | Found Ilevabb's Jewellery Shop.
  3668 | D:5      | 3668 ||| SHOPLISTING +4 ring of slaying (936 gold, have
                  | 156).
  3668 | D:5      | 3668 ||| SHOPLISTING +5 ring of evasion (432 gold, have
                  | 156).
  3668 | D:5      | 3668 ||| SHOPLISTING amulet of faith (480 gold, have 156).
  3668 | D:5      | 3668 ||| SHOPLISTING ring of resist corrosion (240 gold,
                  | have 156).
  3668 | D:5      | Noticed Edmund
  3675 | D:5      | Killed Edmund
  3676 | D:5      | Reached skill level 9 in Ranged Weapons
  3763 | D:5      | 3763 ||| READING scroll of enchant weapon.
  3763 | D:5      | 3763 ||| ENCHANTING +2 orcbow of electrocution.
  3801 | D:5      | Noticed Grinder
  3806 | D:5      | Killed Grinder
  3807 | D:5      | Reached skill level 6 in Fighting
  3909 | D:5      | 3909 ||| UPGRADING to +3 ring mail of Boredom {rF+ rC+}.
  3919 | D:5      | 3919 ||| DROPPING +2 leather armour of cold resistance.
  3920 | D:5      | 3920 ||| READING scroll labelled AVUYME UXTEDGH.
  4021 | D:5      | 4021 ||| READING scroll labelled HAQYAS WOUPOLUA.
  4022 | D:5      | 4022 ||| READING 2 scrolls of identify.
  4022 | D:5      | 4022 ||| IDENTIFYING orange potion
  4070 | D:6      | Found an iron altar of Okawaru.
  4071 | D:6      | 4071 ||| PLANNING OKAWARU WORSHIP
  4071 | D:6      | 4071 ||| READING scroll labelled USIHOTOUQO.
  4094 | D:6      | Became a worshipper of Warmaster Okawaru
  4095 | D:6      | 4095 ||| PLANNING D:1-11
  4210 | D:6      | Found an ancient bone altar of Kikubaaqudgha.
  4298 | D:6      | Found Gugrirr's Firing Range.
  4310 | D:6      | 4310 ||| BUYING +0 longbow (84 gold).
  4310 | D:6      | Bought a +0 longbow for 84 gold pieces
  4310 | D:6      | 4310 ||| SWAPPING to +0 longbow.
  4311 | D:6      | 4311 ||| DROPPING +3 orcbow of electrocution.
  4362 | D:6      | HP: 12/52 [iguana (11)]
  4363 | D:6      | 4363 ||| READING 3 scrolls of teleportation.
  4363 | D:6      | HP: 3/52 [iguana (8)]
  4364 | D:6      | Slain by an iguana

Levels and vault maps discovered:
D:1:      minmay_arrival_wavy_path, layout_basic
D:2:      layout_basic, serial_shops, nicolae_shop_rolling_square, shop,
          nicolae_shop_behind_doors, shop, shop
D:3:      layout_rooms, chequers_serial_rivers_micro_c, nicolae_half_adder,
          uniq_ijyb, uniq_crazy_yiuf_cottage, uniq_natasha
D:4:      layout_loops_ring, led_xom_imps, mainiacjoe_overflow_small_starburst,
          lemuel_temple_firewalk_b, serial_bayou_pond_a, uniq_sigmund
D:5:      layout_cave_pools, cheibriados_altar_1, serial_shops, shop,
          amcnicky_mini_pool_small, uniq_grinder, uniq_edmund
D:6:      layout_basic, nicolae_overflow_crystal_walls,
          lemuel_zombie_altar_kikubaaqudgha, nicolae_shop_firing_range
Temple:   nicolae_temple_god_jail

Skill      XL: |  1  2  3  4  5  6  7  8 |
---------------+-------------------------+-----
Ranged Weapons | 5 6 7 8 9 |  9.7
Armour         | 1 2 |  2.1
Fighting       | 3 4 5 6 |  6.5
Dodging        | 2 |  2.0
Stealth        | |  1.1

Action                     |  1- 3 |  4- 6 |  7- 9 || total
---------------------------+-------+-------+-------++-------
   Fire: Shortbow          |   109 |   166 |    24 ||   299
         Orcbow            |       |       |   142 ||   142
         Longbow           |       |       |    16 ||    16
    Use: Scroll            |     4 |     5 |    10 ||    19
         Potion            |     1 |     3 |       ||     4
 Armour: Leather armour    |     8 |       |    10 ||    18
         Ring mail         |    12 |    84 |    82 ||   178
  Dodge: Dodged            |    17 |    59 |    59 ||   135

Table legend:
 A = Non-vault XP
 B = Vault XP
 C = Vault XP percentage of total XP
 D = Non-vault monster count
 E = Vault monster count
 F = Vault count percentage of total count
                 A         B        C        D         E       F
            +---------+---------+-------+---------+---------+-------
      Total |    1265 |     942 |  42.7 |      95 |      19 |  16.7
            +---------+---------+-------+---------+---------+-------
        D:1 |      49 |       0 |   0.0 |      26 |       0 |   0.0
        D:2 |      32 |       0 |   0.0 |      15 |       0 |   0.0
        D:3 |     104 |      89 |  46.1 |      16 |       5 |  23.8
        D:4 |     256 |     413 |  61.7 |      13 |       5 |  27.8
        D:5 |     588 |     428 |  42.1 |      17 |       2 |  10.5
        D:6 |     236 |      12 |   4.8 |       8 |       7 |  46.7
            +---------+---------+-------+---------+---------+-------
